 Dungeon Crawl Stone Soup version 0.22.0-49-gab54619 (webtiles) character file.

314 inc the Conjurer (level 6, -1/36 HPs)
             Began as an Octopode Fire Elementalist on Sept 6, 2018.
             Slain by a phantom (7 damage)
             ... on level 4 of the Dungeon.
             The game lasted 00:03:33 (3049 turns).

inc the Conjurer (Octopode Fire Elementalist)       Turns: 3049, Time: 00:03:34

Health: -1/36      AC:  1    Str:  7    XL:     6   Next: 43%
Magic:  4/9        EV: 13    Int: 19    God:
Gold:   128        SH:  0    Dex: 13    Spells: 1/9 levels left

rFire    . . .     SeeInvis .   g - +0 war axe
rCold    . . .     Gourm    .   (no shield)
rNeg     . . .     Faith    .   (helmet restricted)
rPois    .         Spirit   .   (no amulet)
rElec    .         Reflect  .   (no ring)
rCorr    .         Harm     .   (no ring)
MR       .....                  (no ring)
Stlth    +++.......             (no ring)
HPRegen  0.12/turn              (no ring)
MPRegen  0.11/turn              (no ring)
                                (no ring)
                                (no ring)

@: very slightly contaminated
A: almost no armour, stealthy swim, amphibious, 8 rings, constrict 8, camouflage
1, gelatinous body 1
a: no special abilities


You were on level 4 of the Dungeon.
You were not hungry.

You visited 1 branch of the dungeon, and saw 4 of its levels.

You collected 128 gold pieces.

Inventory:

Hand Weapons
 g - a +0 war axe (weapon)
 j - a -3 short sword
 m - a +0 blowgun
Missiles
 n - 16 poisoned needles
Jewellery
 o - an uncursed amulet of guardian spirit {unknown}
Wands
 p - a wand of acid (12)
 s - a wand of iceblast (10)
Scrolls
 a - 3 scrolls of identify {unknown}
 c - 2 scrolls of remove curse
 e - 3 scrolls of noise {unknown}
 k - a scroll of blinking {unknown}
 l - a scroll of enchant weapon {unknown}
 r - a scroll of amnesia {unknown}
Potions
 d - 2 potions of curing {unknown}
 f - 3 potions of invisibility {unknown}
 h - a potion of cancellation {unknown}
 i - 2 potions of mutation {unknown}
 q - a potion of agility {unknown}
Comestibles
 b - 5 rations


   Skills:
 - Level 2.0 Dodging
 - Level 2.6 Stealth
 - Level 2.0 Spellcasting
 + Level 5.0 Conjurations
 + Level 4.8 Fire Magic


You had one spell level left.
You knew the following spells:

 Your Spells              Type           Power        Failure   Level  Hunger
a - Flame Tongue          Conj/Fire      ###..        2%          1    #......
b - Conjure Flame         Conj/Fire      ###.....     7%          3    ###....
c - Sticky Flame          Conj/Fire      ###.....     22%         4    #####..

Your spell library contained the following spells:

 Spells                   Type           Power        Failure   Level  Hunger
 Throw Flame              Conj/Fire      ###...       3%          2    ###....
 Inner Flame              Hex/Fire       ##......     19%         3    ###....
 Fireball                 Conj/Fire      ###.......   52%         5    ######.


Dungeon Overview and Level Annotations

Branches:
Dungeon (4/15)
 Temple: D:4-7

Altars:
Cheibriados
Hepliaklqana
Ru
Trog
Xom


Innate Abilities, Weirdness & Mutations

You cannot wear most types of armour.
You are very stealthy in the water. (Stealth+)
You are amphibious.
You can wear up to eight rings at the same time.
You can use your tentacles to constrict eight enemies at once.
Your skin changes colour to match your surroundings (Stealth+).
Your rubbery body absorbs attacks. (AC +1, EV +1)


Message History

You hit the orc. You barely miss the phantom. You constrict the orc.
You kill the orc!
You constrict the orc, but do no damage.
The phantom hits you.
* * * LOW HITPOINT WARNING * * *
The orc barely misses you. The phantom hits you.
* * * LOW HITPOINT WARNING * * *
Unknown command.
You release your grip on the orc.
The phantom hits you.
* * * LOW HITPOINT WARNING * * *
The phantom blinks!
You hit the phantom.
The phantom is lightly damaged.
The phantom barely misses you.
You slash the phantom!
The phantom is moderately damaged.
You hit the orc.
You kill the orc!
The phantom hits you!
You die...

##......# #..........≈≈≈≈≈##..#
......# #...........≈≈≈.....## .
....... ..<.................... #
######.......###.#.#### #
################....?## .
....................... #
#####.§.........†...## # ########
#...#)##########....# # #......#
#...#@# . #....#
###......###...#W####.... #...)#
.................................
###......###...#.####.....###..#.
# #......###...#.# ... ##.#. #
#......#.....#.### ## #.# #
#......#.....#..<# #.. #
#..)...#...####### ##. #
#....#'#...#


You could see a phantom.

Vanquished Creatures
  A scorpion (D:4)
  A hound (D:4)
  2 orc wizards
  Jessica (D:2)
  A worker ant (D:4)
  3 adders
  An ooze (D:2)
  A worm (D:2)
  A dart slug (D:4)
  3 leopard geckos
  6 orcs
  A ball python (D:3)
  5 giant cockroaches
  16 goblins
  13 hobgoblins
  3 jackals (D:2)
  7 kobolds
  7 bats
  3 frilled lizards
  A quokka skeleton (D:4)
  7 rats
84 creatures vanquished.

Notes
Turn   | Place    | Note
-------+----------+-------------------------------------------
     0 | D:1      | inc the Octopode Fire Elementalist began the quest for the
                  | Orb.
     0 | D:1      | Reached XP level 1. HP: 11/11 MP: 3/3
   262 | D:1      | Reached skill level 2 in Conjurations
   262 | D:1      | Reached XP level 2. HP: 17/17 MP: 5/5
   846 | D:2      | Reached skill level 3 in Conjurations
   846 | D:2      | Reached XP level 3. HP: 17/21 MP: 1/6
  1011 | D:2      | Noticed Jessica
  1028 | D:2      | Killed Jessica
  1028 | D:2      | Reached XP level 4. HP: 9/27 MP: 1/7
  1442 | D:2      | Found a shimmering altar of Xom.
  1491 | D:2      | Found a bloodstained altar of Trog.
  2076 | D:3      | Reached XP level 5. HP: 31/31 MP: 5/8
  2077 | D:3      | Reached skill level 4 in Conjurations
  2383 | D:3      | Found a sacrificial altar of Ru.
  2592 | D:4      | Noticed an ogre
  2635 | D:3      | Learned a level 3 spell: Conjure Flame
  2640 | D:3      | Learned a level 4 spell: Sticky Flame
  2658 | D:4      | Found a hazy altar of Hepliaklqana.
  2775 | D:4      | Reached XP level 6. HP: 21/36 MP: 2/9
  2977 | D:4      | Found a snail-covered altar of Cheibriados.
  3026 | D:4      | Noticed a phantom
  3036 | D:4      | Reached skill level 5 in Conjurations
  3049 | D:4      | Slain by a phantom

Skill      XL: |  1  2  3  4  5  6 |
---------------+-------------------+-----
Conjurations   | 2 3 4 5 |  5.0
Fire Magic     | 4 |  4.8
Dodging        | |  2.0
Stealth        | |  2.6
Spellcasting   | |  2.0

Action                   |  1- 3 |  4- 6 || total
-------------------------+-------+-------++-------
Melee: Unarmed           |    27 |       ||    27
       Tentacles         |     6 |     3 ||     9
       Constrict         |     5 |     9 ||    14
       War axe           |     2 |    26 ||    28
 Cast: Flame Tongue      |    33 |    86 ||   119
  Use: Scroll            |       |     1 ||     1
 Stab: Sleeping          |     1 |       ||     1
  Eat: Chunk             |     1 |     7 ||     8
Armor: Skin              |     5 |     3 ||     8
Dodge: Dodged            |    20 |    74 ||    94
